AoeStats
← eNZo STaR

African Clearing

510303864Analyzed
2v2 RM · 1d ago on Sep 30, 2026· 34m 21s· 4 players
Game mode
Random Map
Map size
Medium (4 player)
Population
200
Speed
Normal
Resources
Standard
Victory
Conquest
Starting age
Dark Age
Ending age
Imperial Age
RankedLock teamsTeams togetherTeam positionsShared explorationLock speedFull tech treeHidden civsTurbo modeCheats
Victory
Defeat
🇪🇸 Spanish · Spain
1224
+14
🇪🇸 Celts · Spain
1194
+15
🇩🇪 Berbers · Germany
1221
-16
🇩🇪 Hindustanis · Germany
1140
-13
Seelenreiniger
4:35 Loom
13:50 Feudal Age
18:53 Castle Age
17:34 Double-Bit Axe
21:36 Fletching
24:57 Bodkin Arrow
32:10 Ballistics
Eisemania
4:14 Loom
15:09 Feudal Age
17:10 Double-Bit Axe
21:30 Castle Age
20:29 Gold Mining
eNZo STaR
8:02 Loom
10:53 Feudal Age
13:26 Double-Bit Axe
17:07 Wheelbarrow
19:49 Castle Age
22:48 Town Watch
26:38 Fletching
30:30 Bodkin Arrow
36:59 Imperial Age
David Di Vaio
3:51 Loom
14:06 Feudal Age
18:23 Castle Age
16:45 Fletching
19:07 Bodkin Arrow
19:19 Town Watch
19:22 Double-Bit Axe
27:04 Horse Collar
28:22 Forging
28:13 Scale Mail Armor
30:23 Heavy Plow
31:01 Wheelbarrow
30:29 Town Patrol
34:21 Imperial Age
32:48 Padded Archer Armor
32:56 Gold Mining
Connection lost

Rejoining the realm…

Still unreachable

The connection could not be restored.

Session expired

The server has moved on; the page needs a fresh start.